 Dungeon Crawl Stone Soup version 0.31-a0-523-g071a6c1 (webtiles) character file.

Game seed: 7222715791216120256

937 Geeful the Chopper (level 7, 0/55 HPs)
             Began as a Demonspawn Gladiator on Aug 11, 2023.
             Slain by a sleepcap (7 damage)
             ... on level 5 of the Dungeon.
             The game lasted 00:13:00 (4285 turns).

Geeful the Chopper (Demonspawn Gladiator)           Turns: 4285, Time: 00:13:01

Health: 0/55       AC:  8    Str: 16    XL:     7   Next: 87%
Magic:  7/7        EV: 11    Int: 10    God:
Gold:   242        SH:  0    Dex: 14    Spells: 6/6 levels left

rFire   . . .        a - +0 war axe
rCold   + . .        (no shield)
rNeg    . . .        m - +0 scale mail
rPois   .            c - +0 helmet
rElec   .            (no cloak)
rCorr   .            (no gloves)
SInv    .            (no boots)
Will    .....        (no amulet) Stlth
                     r - ring of flight
HPRegen 1.29/turn    l - ring of protection from cold
MPRegen 0.10/turn

%: no passive effects
@: flying
A: claws 1, powered by death 1, spiny 1
a: no special abilities


You were on level 5 of the Dungeon.
You visited 1 branch of the dungeon, and saw 5 of its levels.

You collected 242 gold pieces.

Inventory:

Hand Weapons
 a - a +0 war axe (weapon)
 i - a -3 executioner's axe
Missiles
 d - 5 throwing nets (quivered)
 e - a javelin
Armour
 c - a +0 helmet (worn)
 m - a +0 scale mail (worn)
Jewellery
 l - a ring of protection from cold (right claw)
 r - a ring of flight (left claw)
 v - a ring of wizardry
 z - an amulet of guardian spirit
Talismans
 y - a maw talisman
Scrolls
 b - a scroll of enchant armour {unknown}
 g - a scroll of poison {unknown}
 h - a scroll of immolation {unknown}
 j - a scroll of teleportation {unknown}
 k - a scroll of enchant weapon {unknown}
 p - a scroll of blinking {unknown}
 q - a scroll of revelation {unknown}
 t - a scroll of silence {unknown}
 u - a scroll of fear {unknown}
 w - a scroll of noise {unknown}
 x - a scroll of fog {unknown}
Potions
 f - 2 potions of mutation {unknown}
 o - 2 potions of lignification
 s - 2 potions of curing


   Skills:
 + Level 4.7 Fighting
 + Level 5.1 Axes
 - Level 1.7 Throwing
 + Level 3.7 Armour
 + Level 4.9 Dodging


You had 6 spell levels left.
You didn't know any spells.
Your spell library contained the following spells:

 Spells                   Type           Power      Damage    Failure   Level
 Lesser Beckoning         Tloc           0%         N/A       89%         2
 Gell's Gravitas          Tloc           0%         N/A       98%         3
 Ozocubu's Armour         Ice            0%         N/A       98%         3
 Teleport Other           Tloc           0%         N/A       98%         3
 Ozocubu's Refrigeration  Ice            0%         4d7       100%        7


Dungeon Overview and Level Annotations

Branches:
Dungeon (5/15)
 Temple: D:4-7

Altars:
Ashenzari
Ru

Annotations:
D:3 exclusion: downstairs
D:4 Edmund


Innate Abilities, Weirdness & Mutations

You have sharp fingernails.
You regenerate a little health from kills.
You are partially covered in sharp spines.


Message History

You fall asleep.
The orc is struck by your spines. The orc hits you with a +0 falchion!
You wake up.
The sleepcap releases spores at you but does no damage.
An iguana comes into view.
You hear some strange, mumbled words.
A puff of flame appears from out of thin air!
The puff of flame hits you!
You bump into the rock wall.
The sleepcap releases spores at you but does no damage.
The orc barely misses you.
The sleepcap releases spores at you but does no damage.
Something hits you but does no damage.
You hit the sleepcap.
The sleepcap is severely damaged.
You closely miss something. You hit the sleepcap.
You hit the orc but do no damage. The sleepcap barely misses you.
The orc hits you but does no damage. The sleepcap releases spores at you.
You are engulfed in a cloud of soporific spores!
You are unaffected.
Something hits you but does no damage.
You feel less confused. The sleepcap is struck by your spines.
The sleepcap releases spores at you.
You are engulfed in a cloud of soporific spores!
You fall asleep.
The orc is struck by your spines.
You kill the orc!
The sleepcap is struck by your spines. The sleepcap releases spores at you!
You wake up.
* * * LOW HITPOINT WARNING * * *
You are engulfed in a cloud of soporific spores!
You are unaffected.
You hear some strange, mumbled words.
Something tries to affect you, but you resist.
You hit the sleepcap.
The sleepcap is almost destroyed.
You hit the sleepcap. The sleepcap is struck by your spines.
The sleepcap releases spores at you!
* * * LOW HITPOINT WARNING * * *
The sleepcap releases spores at you!
You die...

#.... ##.#.. .....
###.#### #...# #...#
#.... #.# #..l# #.#
#...# #.# #...# #.#
#{f)# ###.# #..@###
....###########.f..###
####.................#
#.####.......##.#.######
#.####.......##.....†..#
#<##.....>......#.####.#
#....#.......##.#.# #.#
##.................# #.#
##.............######
#.##


You could see 2 sleepcaps and an iguana.

Vanquished Creatures
  A water moccasin (D:5)
  Duvessa (D:5)
  A centaur (D:5)
  2 scorpions (D:4)
  Dowan (D:5)
  A howler monkey (D:5)
  A jelly (D:4)
  2 hounds (D:5)
  An orc priest (D:3)
  An iguana (D:4)
  3 orc wizards
  6 gnolls (D:5)
  8 adders
  3 dart slugs
  14 orcs
  10 bats
  6 endoplasms
  4 giant cockroaches
  6 goblins
  A hobgoblin (D:1)
  3 jackals (D:5)
  5 kobolds
  2 quokkas
  4 ball pythons
  3 rats
90 creatures vanquished.

Notes
Turn   | Place    | Note
-------+----------+-------------------------------------------
     0 | D:1      | Geeful the Demonspawn Gladiator began the quest for the
                  | Orb.
     0 | D:1      | Reached XP level 1. HP: 16/16 MP: 1/1
   137 | D:1      | Gained mutation: You regenerate a little health from kills.
                  | [demonic ancestry]
   137 | D:1      | Reached XP level 2. HP: 22/22 MP: 2/2
   260 | D:1      | Reached skill level 3 in Axes
   939 | D:2      | Found a sacrificial altar of Ru.
   969 | D:2      | Gained mutation: You are partially covered in sharp spines.
                  | [demonic ancestry]
   969 | D:2      | Reached XP level 3. HP: 22/28 MP: 3/3
  1859 | D:3      | Reached skill level 1 in Armour
  1859 | D:3      | Reached XP level 4. HP: 29/34 MP: 4/4
  2685 | D:4      | Reached XP level 5. HP: 40/40 MP: 5/5
  2880 | D:4      | Found a broken altar of Ashenzari.
  2932 | D:4      | Reached skill level 4 in Axes
  3234 | D:4      | Noticed Edmund
  3415 | D:4      | Reached XP level 6. HP: 37/47 MP: 6/6
  3801 | D:5      | Entered Level 5 of the Dungeon
  3814 | D:5      | Noticed Dowan
  3814 | D:5      | Noticed Duvessa
  3834 | D:5      | Killed Dowan
  3836 | D:5      | Killed Duvessa
  3837 | D:5      | Gained mutation: You have sharp fingernails. [demonic
                  | ancestry]
  3837 | D:5      | Reached XP level 7. HP: 10/54 MP: 7/7
  4218 | D:5      | Reached skill level 5 in Axes
  4285 | D:5      | Slain by a sleepcap

Illustrated notes

Levels and vault maps discovered:
D:1:      dpeg_arrival_signposts, layout_basic
D:2:      layout_loops_ring, basic_altar
D:3:      layout_loops_ring
D:4:      old_forge, layout_gridville, evilmike_ruin_ashenzari,
          minmay_misc_feat_secret_circle, lightli_corner_chamber, uniq_edmund
D:5:      layout_loops_cross, uniq_duvessa

Skill      XL: |  1  2  3  4  5  6  7 |
---------------+----------------------+-----
Axes           | 3 4 5 |  5.1
Dodging        | 3 4 |  4.9
Armour         | 1 2 3 |  3.7
Fighting       | 3 4 |  4.7
Throwing       | |  1.7

Action                     |  1- 3 |  4- 6 |  7- 9 || total
---------------------------+-------+-------+-------++-------
  Melee: War axe           |    91 |    81 |    48 ||   220
         Punch             |     1 |     3 |       ||     4
    Use: Scroll            |     1 |     2 |       ||     3
         Potion            |       |     4 |       ||     4
 Armour: Leather armour    |     8 |       |       ||     8
         Scale mail        |    25 |    36 |    33 ||    94
  Dodge: Dodged            |    54 |    45 |    47 ||   146

Table legend: (Time is in decaauts)
 A = Elapsed time spent in this place.
 B = Non-inter-level travel time spent in this place.
 C = Inter-level travel time spent in this place.
 D = Time resting spent in this place.
 E = Time spent auto-exploring this place.
 F = Levels seen in this place.
 G = Mean time per level.
                   A        B        C        D        E       F      G
               +--------+--------+--------+--------+--------+-----+--------+
         Total |   4352 |   4189 |    163 |    271 |   3095 |   5 |  870.4 |
       Dungeon |   4352 |   4189 |    163 |    271 |   3095 |   5 |  870.4 |
               +--------+--------+--------+--------+--------+-----+--------+

Top non-repeatable levels by time:
     D:4: 1074 daAuts
     D:3: 1064 daAuts
     D:1: 955 daAuts
     D:2: 758 daAuts
     D:5: 499 daAuts
